AoeStats
← ryu

Arena

508162470Analyzed
2v2 RM · 13d ago on Sep 21, 2026· 44m 51s· 4 players
Game mode
Random Map
Map size
Medium (4 player)
Population
200
Speed
Normal
Resources
Standard
Victory
Conquest
Starting age
Dark Age
Ending age
Imperial Age
RankedLock teamsTeams togetherTeam positionsShared explorationLock speedFull tech treeHidden civsTurbo modeCheats
Victory
Defeat
🇲🇽 Cumans · Mexico
1252
+15
🇲🇽 Malians · Mexico
1203
+17
🇺🇸 Japanese · United States
1310
-19
🇺🇸 Turks · United States
1161
-13
axelCGOMarcus
12:56 Feudal Age
14:00 Feudal Age
18:17 Castle Age
38:18 Imperial Age
35:35 Loom
37:24 Gold Mining
F123DY
11:36 Feudal Age
14:20 Double-Bit Axe
17:35 Horse Collar
20:31 Scale Mail Armor
22:06 Forging
27:24 Wheelbarrow
27:11 Gold Mining
30:17 Castle Age
30:28 Stone Mining
31:41 Chain Mail Armor
32:01 Iron Casting
30:49 Capped Ram
30:53 Pikeman
31:33 Squires
31:19 Arson
33:25 Gold Shaft Mining
33:15 Hand Cart
35:52 Man-at-Arms
40:05 Imperial Age
37:25 Long Swordsman
42:14 Two-Handed Swordsman
43:27 Plate Mail Armor
43:58 Blast Furnace
43:20 Conscription
petey_hs
10:32 Feudal Age
15:56 Castle Age
14:15 Double-Bit Axe
15:21 Horse Collar
ryu
11:05 Feudal Age
15:23 Castle Age
13:28 Double-Bit Axe
16:16 Bow Saw
16:08 Horse Collar
20:33 Fortified Wall
24:09 Wheelbarrow
26:05 Scale Mail Armor
27:28 Chain Mail Armor
28:04 Forging
33:50 Imperial Age
32:24 Iron Casting
33:20 Loom
33:54 Hand Cart
34:00 Hand Cart
34:01 Heavy Plow
34:44 Ballistics
34:15 Guard Tower
35:01 Kataparuto
35:02 Conscription
35:28 Plate Mail Armor
36:01 Gold Mining
36:16 Elite Samurai
38:24 Two-Man Saw
38:32 Blast Furnace
39:47 Squires
39:32 Arson
39:55 Siege Engineers
Connection lost

Rejoining the realm…

Still unreachable

The connection could not be restored.

Session expired

The server has moved on; the page needs a fresh start.